 Dungeon Crawl Stone Soup version 0.31.0-11-ge490571c62 (webtiles) character file.

Game seed: 7011783160015459477

10055 browni3141 the Cleaver (level 11, -1/97 (99) HPs)
             Began as a Minotaur Fighter on Jan 28, 2024.
             Was an Initiate of Okawaru.
             Slain by a yak (12 damage)
             ... on level 9 of the Dungeon.
             The game lasted 00:05:33 (9167 turns).

browni3141 the Cleaver (Minotaur Fighter)           Turns: 9167, Time: 00:05:33

HP:   -1/97 (99)    AC: 13    Str: 31    XL:     11   Next: 31%
MP:   10/10         EV:  9    Int:  5    God:    Okawaru [......]
Gold: 298           SH: 11    Dex: 14    Spells: 10/10 levels left

rFire   + + .        B - +0 broad axe (freeze)
rCold   . . .        q - +0 kite shield
rNeg    . . .        p - +0 fire dragon scales
rPois   .            (helmet restricted)
rElec   .            (no cloak)
rCorr   .            z - +0 pair of gloves
SInv    +            (no boots)
Will    .....        s - amulet of the acrobat Stlth
                     E - ring "Jile Zeu" {*Corrode rC+ Str+6 Dex+4}
HPRegen 0.36/turn    m - ring of see invisible
MPRegen 0.12/turn

%: corrode self (3%), acrobat
@: lightly drained
A: horns 2, retaliatory headbutt
a: Renounce Religion


You were on level 9 of the Dungeon.
You worshipped Okawaru.
Okawaru was noncommittal.
You visited 3 branches of the dungeon, and saw 12 of its levels.

You collected 517 gold pieces.
You spent 219 gold pieces at shops.

Inventory:

Hand Weapons
 a - a +0 war axe
 A - a +2 war axe of electrocution
 B - a +0 broad axe of freezing (weapon)
Missiles
 k - 3 throwing nets (quivered)
 w - 9 boomerangs
 O - 8 javelins
Armour
 b - a +0 scale mail
 c - a +0 buckler
 p - +0 fire dragon scales (worn)
 q - a +0 kite shield (worn)
 z - a +0 pair of gloves (worn)
Jewellery
 h - a ring of fire
 j - a ring of wizardry
 m - a ring of see invisible (right hand)
 s - an amulet of the acrobat (around neck)
 u - a ring of positive energy
 E - the ring "Jile Zeu" (left hand) {*Corrode rC+ Str+6 Dex+4}
   (You bought it in a shop on level 5 of the Dungeon)

   [ring of strength]

   Str+6:     It affects your strength (+6).
   Dex+4:     It affects your dexterity (+4).
   rC+:       It protects you from cold.
   *Corrode:  It may corrode you when you take damage.
 I - a ring of protection from fire
 L - a ring of wizardry
Wands
 f - a wand of iceblast (2)
 G - a wand of charming (12)
 J - a wand of light (7)
 N - a wand of flame (8)
Scrolls
 e - a scroll of blinking {unknown}
 i - 2 scrolls of brand weapon
 o - 4 scrolls of teleportation
 r - 2 scrolls of fog
 t - a scroll of silence
 y - a scroll of enchant armour
 F - 2 scrolls of poison
 H - a scroll of immolation
 M - 3 scrolls of amnesia {unknown}
 P - a scroll of vulnerability {unknown}
Potions
 d - 2 potions of might
 g - a potion of brilliance
 l - 2 potions of attraction
 n - 3 potions of heal wounds
 v - 6 potions of curing {unknown}
 x - a potion of invisibility {unknown}
 C - 3 potions of enlightenment {unknown}
 D - 2 potions of mutation {unknown}
 K - 3 potions of degeneration {unknown}


   Skills:
 + Level 9.8 Fighting
 * Level 12.9 Axes
 - Level 1.3 Throwing
 + Level 9.8 Armour
 + Level 9.8 Shields
 - Level 5.0 Evocations


You had 10 spell levels left.
You didn't know any spells.
Your spell library contained the following spells:

 Spells                   Type           Power      Damage    Failure   Level
 Slow                     Hex            0%         N/A       86%         1
 Sublimation of Blood     Necr           0%         N/A       95%         2
 Confusing Touch          Hex            0%         N/A       99%         3
 Frozen Ramparts          Ice            0%         1d1       99%         3
 Sigil of Binding         Hex            0%         N/A       99%         3
 Stone Arrow              Conj/Erth      0%         3d7       99%         3
 Vampiric Draining        Necr           0%         2d6       99%         3
 Leda's Liquefaction      Alch/Erth      0%         N/A       100%        4
 Passage of Golubria      Tloc           0%         N/A       100%        4
 Petrify                  Alch/Erth      0%         N/A       100%        4
 Metabolic Englaciation   Hex/Ice        0%         N/A       100%        5
 Yara's Violent Unravell  Hex/Alch       0%         3d3       100%        5
 Lehudib's Crystal Spear  Conj/Erth      0%         10d2      100%        8
 Summon Small Mammal      Summ           Unusable   N/A       N/A         1
 Call Imp                 Summ           Unusable   N/A       N/A         2
 Call Canine Familiar     Summ           Unusable   N/A       N/A         3
 Tukima's Dance           Hex            Unusable   N/A       N/A         3
 Animate Armour           Summ/Erth      Unusable   N/A       N/A         4
 Summon Blazeheart Golem  Fire/Summ      Unusable   N/A       N/A         4
 Summon Hydra             Summ           Unusable   N/A       N/A         7

Dungeon Overview and Level Annotations

Branches:
Dungeon (10/15)            Temple (1/1) D:7            Lair (1/5) D:9
    Orc (0/2) D:10

Altars:
Ashenzari
Cheibriados
Dithmenos
Elyvilon
Fedhas
Gozag
Hepliaklqana
Kikubaaqudgha
Makhleb
Nemelex Xobeh
Okawaru
Qazlal
Ru
Sif Muna
Trog
Uskayaw
Vehumet
Wu Jian
Xom
Yredelemnul
Zin
The Shining One

Shops:
D:2 (   D:5 *


Innate Abilities, Weirdness & Mutations

You have a pair of horns on your head.
You reflexively headbutt those who attack you in melee.


Message History

The hell rat closely misses you. You furiously retaliate!
You headbutt the hell rat.
There is a staircase back to the Dungeon here.
You feel sick.
You climb upwards.
Welcome back to the Dungeon!
You feel sick.
There is a staircase to the Lair here.
No target in view!
No target in view!
No target in view!
No target in view!
You start resting.
You feel sick. x3
You are no longer poisoned.
You start resting.
HP restored.
Your +2 war axe of electrocution stops crackling.
Your +0 broad axe of freezing glows with a cold blue light!
B - a +0 broad axe of freezing (weapon)
You climb downwards.
Welcome back to the Lair of Beasts!
The hell rat roars deafeningly! x2; You hear a croak.
You block the yak's attack. The yak gores you.
The hell rat completely misses you. You furiously retaliate!
You headbutt the hell rat! You block the yak's attack.
The yak gores you but does no damage. The yak barely misses you.
You furiously retaliate!
You headbutt the yak! You block the hell rat's attack.
There is a staircase back to the Dungeon here.
You closely miss the hell rat. You headbutt the hell rat!
You kill the hell rat!
Okawaru accepts your kill.
You slash the yak! You freeze the yak. You hit the hell rat.
You freeze the hell rat. You closely miss the yak. You slash the hell rat!
You freeze the hell rat. You hit the yak but do no damage. You hit the yak.
You freeze the yak. The hell rat bites you!
A cane toad comes into view.
The yak closely misses you. You block the yak's attack. The yak gores you!
You block the hell rat's attack. The yak gores you but does no damage.
You block the hell rat's attack.
You slash the hell rat! You freeze the hell rat.
You kill the hell rat!
Okawaru accepts your kill.
You slash the yak! You freeze the yak. You closely miss the hell rat.
You hit the yak but do no damage. You hit the yak. You freeze the yak.
You slash the yak! You freeze the yak.
The hell rat twitches its whiskers.
The hell rat bites you! The yak gores you. x2
The yak gores you but does no damage.
A basilisk comes into view.
The yak closely misses you. You furiously retaliate!
You headbutt the yak.
The basilisk hisses angrily.
You slash the yak! You freeze the yak.
You kill the yak!
Okawaru accepts your kill.
You hit the hell rat but do no damage. You barely miss the yak.
You slash the hell rat! You freeze the hell rat.
You kill the hell rat!
Okawaru accepts your kill.
You hit the yak. You freeze the yak. You barely miss the yak.
The hell rat completely misses you. The yak gores you but does no damage.
You block the yak's attack. The yak closely misses you.
You closely miss the yak.
The yak is heavily wounded.
You barely miss the yak. You hit the yak but do no damage. You slash the yak!
You freeze the yak. You closely miss the hell rat.
The hell rat barely misses you. The yak gores you but does no damage.
The yak gores you! x2; The yak barely misses you.
The hell rat closely misses you.
The hell rat bites you but does no damage.
You closely miss the yak.
The yak is severely wounded.
You barely miss the hell rat. You closely miss the hell rat. You slash the yak!
You freeze the yak. You slash the yak! You freeze the yak. You slash the yak!
You freeze the yak. The yak closely misses you.
You block the hell rat's attack. You block the yak's attack.
The hell rat closely misses you. The yak completely misses you.
You block the yak's attack. The hell rat barely misses you.
The hell rat bites you.
You feel drained. The yak gores you but does no damage.
You block the yak's attack. x2
The yak gores you!
You climb upwards.
Welcome back to the Dungeon!
There is a staircase to the Lair here.
You closely miss the yak.
The yak is severely wounded.
You slash the hell rat! You freeze the hell rat. You hit the fungus.
The fungus begins to die.
You freeze the fungus. You barely miss the yak.
You hit the hell rat but do no damage. You hit the yak. You freeze the yak.
You hit the fungus.
The fungus begins to die.
You freeze the fungus. You barely miss the yak.
You block the hell rat's attack. x2
You block the yak's attack. The yak gores you but does no damage.
The yak gores you! The yak gores you but does no damage.
You closely miss the hell rat. You headbutt the hell rat.
You kill the hell rat!
Okawaru accepts your kill.
You hit the yak. You freeze the yak. You slash the yak! You freeze the yak.
You kill the yak!
Okawaru accepts your kill.
You hit the fungus. You freeze the fungus. You hit the yak. You freeze the yak.
You hit the fungus. You freeze the fungus. You hit the yak. You freeze the yak.
You slash the hell rat! You freeze the hell rat.
The hell rat bites you but does no damage.
The yak barely misses you. The yak gores you!
You die...

.......#..#.......#........#.....
######.##.#..##########'##.#####.
..#..#..#)...............#..#..#.
..#..'..'.)))..###.......#..#..#.
..#..#..#...#...≈...#....#..#..#.
###'##..####..#...#..##'#####'###
.....#.....#.##PPP##.#......#..'.
.....#.....#..P††Y...#......#..#.
#...########≈..P@rP.≈############
...........#...YPYP..##.........#
...........#.##...##.#+.........#
...........#..#...#..##.........#
####........#...≈...#..#...##...#
...............###.....#....#....
.......................#....#....
..............#........#....##'##
..............#....#...#....#....


You could see 3 yaks and a hell rat.

Vanquished Creatures
  Erolcha (D:9)
  A two-headed ogre (D:8)
  A deep elf pyromancer (D:9)
  A black mamba (Lair:1)
  A gargoyle (D:10)
  2 trolls
  4 wyverns
  15 yaks
  A steam dragon (D:8)
  4 vampire mosquitoes (D:10)
  Menkaure (D:4)
  2 water moccasins
  2 sky beasts
  4 black bears
  2 ice beasts
  5 orc warriors
  3 ogres
  A centaur (D:7)
  2 kobold brigands
  A gnoll sergeant (D:6)
  3 scorpions
  2 bullfrogs
  6 wights
  4 killer bees (D:8)
  2 howler monkeys
  2 lava snakes (D:8)
  A bombardier beetle (D:7)
  5 hounds
  8 orc priests
  A gnoll bouda (D:9)
  2 iguanas
  A sleepcap (D:5)
  12 orc wizards
  4 hell rats
  13 gnolls
  7 adders
  A white imp (D:6)
  2 ufetubi (D:6)
  2 dart slugs (D:4)
  2 ribbon worms
  51 orcs
  8 endoplasms
  4 giant cockroaches
  5 goblins
  6 hobgoblins
  4 quokkas
  11 ball pythons
  2 bats (D:3)
  3 frilled lizards
  5 kobolds
  4 rats
237 creatures vanquished.

Notes
Turn   | Place    | Note
-------+----------+-------------------------------------------
     0 | D:1      | browni3141 the Minotaur Fighter began the quest for the
                  | Orb.
     0 | D:1      | Reached XP level 1. HP: 19/19 MP: 0/0
   395 | D:1      | You fall into a shaft and drop 1 floor!
   439 | D:2      | Reached XP level 2. HP: 24/27 MP: 1/1
   442 | D:2      | Reached skill level 3 in Axes
   591 | D:2      | Reached XP level 3. HP: 29/33 MP: 2/2
   659 | D:2      | Found Waqav's Weapon Shop.
  1622 | D:3      | Reached skill level 4 in Axes
  1622 | D:3      | Reached XP level 4. HP: 25/40 MP: 3/3
  1705 | D:3      | Reached XP level 5. HP: 32/47 MP: 4/4
  2005 | D:3      | Found a bloodstained altar of Trog.
  2329 | D:4      | Noticed Menkaure
  2336 | D:3      | Reached skill level 5 in Axes
  2377 | D:3      | Reached XP level 6. HP: 45/55 MP: 5/5
  2411 | D:4      | Killed Menkaure
  2412 | D:4      | Reached skill level 5 in Fighting
  2412 | D:4      | Reached skill level 5 in Armour
  2412 | D:4      | Reached skill level 5 in Shields
  2447 | D:4      | Found a sacrificial altar of Ru.
  2578 | D:4      | Reached skill level 6 in Axes
  2674 | D:4      | Reached XP level 7. HP: 55/61 MP: 6/6
  3018 | D:5      | Entered Level 5 of the Dungeon
  3052 | D:5      | Reached skill level 7 in Axes
  3262 | D:5      | Reached XP level 8. HP: 69/70 MP: 7/7
  3417 | D:5      | Found Baoniteo's Assorted Antiques.
  3430 | D:5      | Reached skill level 8 in Axes
  3433 | D:5      | Bought a scroll labelled NOOBEA LEWILO for 25 gold pieces
  3433 | D:5      | Bought a murky clear potion for 22 gold pieces
  3433 | D:5      | Bought a scroll labelled UFITTO HOSMEO for 25 gold pieces
  3433 | D:5      | Bought a wavering golden ring for 125 gold pieces
  3433 | D:5      | Identified the ring "Jile Zeu" {*Corrode rC+ Str+6 Dex+4}
                  | (You bought it in a shop on level 5 of the Dungeon)
  3433 | D:5      | Bought a smoky dark potion for 22 gold pieces
  3972 | D:6      | Found a blossoming altar of Fedhas.
  3975 | D:6      | Reached skill level 9 in Axes
  4173 | D:6      | Reached XP level 9. HP: 48/79 MP: 8/8
  4655 | D:6      | Reached skill level 1 in Evocations
  4666 | D:6      | Reached skill level 1 in Throwing
  4749 | D:6      | Reached skill level 10 in Axes
  5021 | D:7      | Found a staircase to the Ecumenical Temple.
  5063 | D:7      | Noticed a troll
  5075 | Temple   | Entered the Ecumenical Temple
  5079 | D:7      | Killed a troll
  5221 | D:7      | Found a shadowy altar of Dithmenos.
  5783 | D:8      | Reached XP level 10. HP: 60/88 MP: 9/9
  5786 | D:8      | Noticed a two-headed ogre
  6361 | D:8      | Killed a two-headed ogre
  6362 | D:8      | Reached skill level 11 in Axes
  6824 | D:9      | Noticed Erolcha
  6965 | D:9      | Found a staircase to the Lair.
  7088 | D:9      | Reached skill level 5 in Evocations
  7268 | D:9      | Found an ornate altar of the Wu Jian Council.
  7394 | D:9      | Noticed a deep elf pyromancer
  7402 | D:9      | Killed a deep elf pyromancer
  7589 | D:9      | Killed Erolcha
  7590 | D:9      | Reached skill level 12 in Axes
  8163 | Lair:1   | Entered Level 1 of the Lair of Beasts
  8192 | D:10     | Entered Level 10 of the Dungeon
  8219 | D:10     | Noticed a gargoyle
  8231 | D:10     | Killed a gargoyle
  8235 | D:10     | Reached XP level 11. HP: 69/97 MP: 10/10
  8502 | D:10     | Found a staircase to the Orcish Mines.
  8616 | D:10     | Found an iron altar of Okawaru.
  8863 | D:10     | Became a worshipper of Warmaster Okawaru
  9167 | D:9      | Slain by a yak

Illustrated notes

Levels and vault maps discovered:
D:1:      eino_arrival_cavern_b, layout_basic, corexii_item_surrounded_by_moat,
          dreamdust_wishing_well
D:2:      layout_rooms, serial_shops, shop, kennysheep_pointless_box,
          chequers_serial_rivers_small_a
D:3:      layout_basic, overflow_temple_1_default
D:4:      layout_rooms, mainiacjoe_overflow_small_starburst, uniq_menkaure
D:5:      layout_loops_ring, serial_shops, shop, grunt_ministairs_6
D:6:      layout_loops_corners, marbit_many_paths
D:7:      layout_basic, mainiacjoe_overflow_catwalk,
          minmay_temple_entry_drinking_statues, serial_aquarium,
          aquarium_bridge_square [aquarium_subvault_balcony,
          aquarium_subvault_bridge, aquarium_subvault_bridge,
          aquarium_subvault_window], aquarium_window_corridor_2,
          aquarium_window_2, aquarium_view_2e, aquarium_balcony_3b,
          aquarium_pool_corner
D:8:      layout_basic, kennysheep_cross_room, chequers_hall_statues_wall_a
D:9:      layout_grid_maze, mainiacjoe_overflow_tiny_flanked, dpeg_oklobed_lair,
          billiards_dpeg, uniq_erolcha
D:10:     layout_rooms, mainiacjoe_overflow_alcove_1, orc_0_dummy,
          eino_tiny_chamber
Temple:   nicolae_temple_x_marks_the_god
Lair:1:   layout_hall_layers

Skill      XL: |  1  2  3  4  5  6  7  8  9 10 |
---------------+-------------------------------+-----
Axes           | 3 4 5 6 7 9 10 12 | 12.9
Fighting       | 4 5 6 7 8 9 |  9.8
Armour         | 4 5 6 7 8 9 |  9.8
Shields        | 4 5 6 7 8 9 |  9.8
Evocations     | 3 5 |  5.0
Throwing       | 1 |  1.3

Action                     |  1- 3 |  4- 6 |  7- 9 | 10-12 || total
---------------------------+-------+-------+-------+-------++-------
  Melee: War axe           |    53 |    99 |   194 |   143 ||   489
         Headbutt          |     6 |    18 |    35 |    37 ||    96
         Broad axe         |       |       |       |     7 ||     7
  Throw: Throwing net      |     1 |       |       |       ||     1
  Evoke: Wand              |       |       |       |     1 ||     1
    Use: Scroll            |       |       |       |    11 ||    11
 Armour: Scale mail        |    35 |       |       |       ||    35
         Fire dragon scale |    13 |    68 |   117 |    94 ||   292
  Dodge: Dodged            |    37 |    53 |    93 |    71 ||   254
  Block: Buckler           |     8 |       |       |       ||     8
         Kite shield       |     7 |    43 |   114 |    82 ||   246
